 Dungeon Crawl Stone Soup version 0.20.1-1-g8b1a95d (webtiles) character file.

4232 JackS81 the Slicer (level 10, -29/90 HPs)
             Began as a Minotaur Berserker on Aug 18, 2017.
             Was an Elder of Trog.
             Annihilated by a very large slime creature (37 damage)
             ... on level 8 of the Dungeon.
             The game lasted 00:33:01 (6099 turns).

JackS81 the Slicer (Minotaur Berserker)             Turns: 6099, Time: 00:33:02

Health: -29/90     AC: 19    Str: 26    XL:     10   Next: 9%
Magic:  9/9        EV: 11    Int:  4    God:    Trog [****..]
Gold:   378        SH:  0    Dex:  9    Spells: 9/9 levels left

rFire    . . .     SeeInvis .   a - +1 short sword
rCold    + . .     Gourm    +   (no shield)
rNeg     . . .     Faith    .   y - +1 scale mail {rC+}
rPois    +         Spirit   .   O - +2 hat
rElec    .         Reflect  .   C - +2 cloak
rCorr    .         Harm     .   m - +0 pair of gloves
MR       +++..                  d - +2 pair of boots
Stlth    ..........             g - amulet of the gourmand
Regen    1.3/turn               t - ring of poison resistance
MPRegen  0.2/turn               z - ring of protection from magic

@: regenerating
A: retaliatory headbutt, horns 2
a: Berserk, Trog's Hand, Brothers in Arms, Burn Spellbooks, Renounce Religion


You were on level 8 of the Dungeon.
You worshipped Trog.
Trog was greatly pleased with you.
You were very full.

You visited 2 branches of the dungeon, and saw 9 of its levels.

You collected 378 gold pieces.

Inventory:

Hand Weapons
 a - a +1 short sword (weapon)
 A - a +0 rapier
 L - a +0 shortbow
 U - a +0 long sword
Missiles
 j - 12 tomahawks (quivered)
 r - 42 bolts
 x - 98 arrows
 K - 11 poisoned needles
Armour
 b - a +0 animal skin
 d - a +2 pair of boots (worn)
 m - a +0 pair of gloves (worn)
 y - a +1 scale mail of cold resistance (worn)
 B - a +0 shield
 C - a +2 cloak (worn)
 O - a +2 hat (worn)
 W - a +2 cloak
Jewellery
 g - an amulet of the gourmand (around neck)
 o - a cursed amulet of inaccuracy {unknown}
 t - a ring of poison resistance (left hand)
 z - a ring of protection from magic (right hand)
Wands
 w - a wand of digging (5/24)
 F - a wand of random effects (24/48)
 M - a wand of iceblast (7/15)
 N - a wand of lightning (15/15)
 P - a wand of scattershot (3/9)
 S - a wand of disintegration (18/24)
 T - a wand of random effects (29/48)
Scrolls
 i - 2 scrolls of teleportation
 q - a scroll of amnesia
 s - 7 scrolls of remove curse
 u - a scroll of enchant weapon
 G - a scroll of enchant armour
 H - a scroll of magic mapping
 R - a scroll of fear {unknown}
 V - a scroll of recharging
Potions
 e - 3 potions of might {unknown}
 f - 2 potions of brilliance {unknown}
 k - a potion of haste {unknown}
 l - a potion of resistance {unknown}
 n - 4 potions of curing
 v - 2 potions of heal wounds {unknown}
 J - 2 potions of flight {unknown}
 Q - 2 potions of berserk rage {unknown}
Comestibles
 c - 5 bread rations
 p - 4 meat rations
 D - a fruit
 E - a royal jelly
 I - 9 chunks of flesh


   Skills:
 + Level 8.5 Fighting
 + Level 12.7 Short Blades
 + Level 7.8 Armour
 - Level 2.1 Dodging


You had 9 spell levels left.
You didn't know any spells.

Dungeon Overview and Level Annotations

Branches:
Dungeon (8/15)             Temple (1/1) D:5
   Lair: D:8-11

Altars:
Ashenzari
Cheibriados
Dithmenos
Elyvilon
Fedhas
Hepliaklqana
Kikubaaqudgha
Nemelex Xobeh
Ru
Trog
Uskayaw
Vehumet
Xom
Yredelemnul
Zin
Jiyva

Shops:
D:4 :

Annotations:
D:8 1 transporter


Innate Abilities, Weirdness & Mutations

You reflexively headbutt those who attack you in melee.
You have a pair of horns on your head.


Message History

You puncture the slime creature!
The slime creature is almost dead.
The slime creature hits you!
* * * LOW HITPOINT WARNING * * *
A slime creature comes into view.
You hit the slime creature. You headbutt the slime creature!
The slime creature is almost dead.
The large slime creature hits you!!
* * * LOW HITPOINT WARNING * * *
The slime creature hits you but does no damage.
You feel better.
Two slime creatures merge to form a very large slime creature.
The slime creature closely misses you.
The slime creature hits you but does no damage.
You fail to use your ability.
The slime creature hits you!
* * * LOW HITPOINT WARNING * * *
The slime creature hits you.
* * * LOW HITPOINT WARNING * * *
The very large slime creature hits you!!!
You die...

#......#####
#######
#.....##.#.#
.......#
##©###.####.......#
....#### #..#.#..#
#.####### ....#
....... #.# ....#
##.)$:.## #.# ....#
#..[_$..# #.# ....#
###.$$!.####.#
....#
#...JJJ...##.#
....#
##..#@#..###.# ##
### ## #.# ### #.#
##### #.# #.©.# #.#
##.######.#
#........)#
#.##...#### # #.
#.#.#


You could see a very large slime creature and 2 slime creatures.

Vanquished Creatures
  Maurice (D:8)
  The ghost of CInkIbrahim the Poker, a novice OpGl (D:4)
  2 hippogriffs (D:7)
  Eustachio (D:5)
  Grum (D:8)
  A hungry ghost (D:5)
  A water moccasin (D:8)
  Duvessa (D:5)
  An eye of draining (D:8)
  An ice beast (D:8)
  A phantom (D:4)
  A necrophage (D:7)
  3 ogres (D:6)
  4 wolves (D:8)
  A centaur (D:5)
  A big kobold (D:6)
  3 bullfrogs (D:6)
  A gnoll sergeant (D:5)
  Dowan (D:5)
  2 scorpions
  3 killer bees (D:7)
  2 howler monkeys
  2 crimson imps
  3 hounds
  A jelly (D:5)
  A centaur skeleton (D:6)
  5 orc priests
  3 orc wizards
  A bullfrog skeleton (D:4)
  2 iguanas
  4 worker ants
  A killer bee zombie (D:6)
  A hound zombie (D:7)
  13 gnolls
  A worker ant zombie (D:6)
  6 adders
  A shadow imp (D:7)
  2 worms
  A dart slug (D:1)
  9 leopard geckos
  10 orcs
  4 giant cockroaches
  8 goblins
  7 hobgoblins
  9 jackals
  2 quokkas (D:8)
  3 ball pythons
  2 frilled lizards (D:5)
  A jackal skeleton (D:5)
  12 kobolds
  A leopard gecko zombie (D:5)
  A quokka skeleton (D:4)
  8 rats
159 creatures vanquished.

Notes
Turn   | Place    | Note
-------+----------+-------------------------------------------
     0 | D:1      | JackS81 the Minotaur Berserker began the quest for the Orb.
     0 | D:1      | Reached XP level 1. HP: 19/19 MP: 0/0
   260 | D:1      | Reached skill level 4 in Short Blades
   260 | D:1      | Reached XP level 2. HP: 26/26 MP: 1/1
   716 | D:2      | Reached XP level 3. HP: 25/31 MP: 2/2
   969 | D:2      | Reached ** piety under Trog
   978 | D:2      | Reached skill level 5 in Short Blades
  1128 | D:2      | Found a faded altar of an unknown god.
  1164 | D:2      | Reached XP level 4. HP: 30/39 MP: 3/3
  1405 | D:2      | Found a shattered altar of Ashenzari.
  1408 | D:2      | Found an ancient bone altar of Kikubaaqudgha.
  1409 | D:2      | Found a snail-covered altar of Cheibriados.
  1409 | D:2      | Found a bloodstained altar of Trog.
  1409 | D:2      | Found a radiant altar of Vehumet.
  1410 | D:2      | Found a sacrificial altar of Ru.
  1977 | D:3      | Reached skill level 6 in Short Blades
  1980 | D:3      | Reached XP level 5. HP: 36/46 MP: 4/4
  2389 | D:4      | Found Toelirr's Book Shoppe.
  2391 | D:4      | Noticed CInkIbrahim's ghost (novice OpGl)
  2416 | D:4      | Killed CInkIbrahim's ghost
  2416 | D:4      | Reached skill level 7 in Short Blades
  2416 | D:4      | Reached XP level 6. HP: 25/53 MP: 5/5
  2502 | D:4      | Reached skill level 8 in Short Blades
  2832 | D:4      | Found a shadowy altar of Dithmenos.
  2855 | D:4      | Reached XP level 7. HP: 59/60 MP: 6/6
  3051 | D:5      | Entered Level 5 of the Dungeon
  3178 | D:5      | Noticed a hungry ghost
  3193 | D:5      | Killed a hungry ghost
  3193 | D:5      | Reached skill level 9 in Short Blades
  3268 | D:5      | Noticed Duvessa
  3268 | D:5      | Noticed Dowan
  3281 | D:5      | Killed Duvessa
  3286 | D:5      | Killed Dowan
  3286 | D:5      | Reached *** piety under Trog
  3355 | D:5      | Reached XP level 8. HP: 46/67 MP: 7/7
  3399 | D:5      | Noticed Eustachio
  3412 | D:5      | Killed Eustachio
  3412 | D:5      | Reached skill level 10 in Short Blades
  3723 | D:5      | Reached skill level 5 in Fighting
  3930 | D:5      | Reached skill level 5 in Armour
  3958 | D:5      | Found a staircase to the Ecumenical Temple.
  3979 | Temple   | Entered the Ecumenical Temple
  4383 | D:6      | Reached skill level 11 in Short Blades
  4695 | D:6      | Reached XP level 9. HP: 73/75 MP: 8/8
  5138 | D:7      | Reached **** piety under Trog
  5506 | D:7      | Reached skill level 12 in Short Blades
  5689 | D:7      | You fall through a shaft!
  5869 | D:8      | Noticed Grum
  5897 | D:8      | Killed Grum
  5985 | D:8      | Found a viscous altar of Jiyva.
  6028 | D:8      | Found a transporter.
  6029 | D:8      | Noticed Maurice
  6055 | D:8      | Killed Maurice
  6055 | D:8      | Reached XP level 10. HP: 86/90 MP: 9/9
  6085 | D:8      | Found a transporter.
  6097 | D:8      | HP: 4/90 [large slime creature (19)]
  6099 | D:8      | Annihilated by a very large slime creature

Skill      XL: |  1  2  3  4  5  6  7  8  9 |
---------------+----------------------------+-----
Short Blades   | 4 5 6 7 8 9 11 12 | 12.7
Fighting       | 4 5 8 |  8.5
Armour         | 3 4 5 7 |  7.8
Dodging        | |  2.1

Action                   |  1- 3 |  4- 6 |  7- 9 | 10-12 || total
-------------------------+-------+-------+-------+-------++-------
Melee: Short sword       |    75 |    95 |   454 |     5 ||   629
       Headbutt          |    13 |    26 |    97 |     4 ||   140
Throw: Tomahawk          |       |       |     1 |       ||     1
Invok: Burn Spellbooks   |       |     1 |     2 |       ||     3
       Trog's Hand       |       |       |     6 |     1 ||     7
       Berserk           |       |       |     2 |       ||     2
  Use: Scroll            |     4 |       |     5 |     1 ||    10
       Potion            |       |       |       |     1 ||     1
  Eat: Chunk             |    19 |     5 |    22 |       ||    46
Armor: Animal skin       |    20 |     7 |       |       ||    27
       Scale mail        |       |    23 |   125 |     8 ||   156
Dodge: Dodged            |    33 |    22 |   127 |     5 ||   187
